 Dungeon Crawl Stone Soup version 0.21-a0-507-ga8f6b7a (webtiles) character file.

9657 theanonym the Carver (level 11, 0/95 HPs)
             Began as a Demigod Fighter on Nov 27, 2017.
             Slain by Snorg (16 damage)
             ... on level 10 of the Dungeon.
             The game lasted 00:26:12 (9320 turns).

theanonym the Carver (Demigod Fighter)              Turns: 9320, Time: 00:26:12

Health: 0/95       AC: 12    Str: 25    XL:     11   Next: 5%
Magic:  16/16      EV: 11    Int: 12    God:
Gold:   582        SH: 17    Dex: 20    Spells: 10/10 levels left

rFire    . . .     SeeInvis .   a - +0 long sword
rCold    . . .     Gourm    .   p - +1 large shield
rNeg     . . .     Faith    .   g - +0 chain mail
rPois    .         Spirit   .   s - +0 helmet
rElec    .         Reflect  .   M - scarf {repulsion}
rCorr    .         Harm     .   D - +0 pair of gloves
MR       +....                  (no boots)
Stlth    ..........             e - amulet of regeneration {+regen}
HPRegen  0.65/turn              (no ring)
MPRegen  0.15/turn              (no ring)

@: agile, repel missiles
A: high mp 1
a: no special abilities


Innate Abilities, Weirdness & Mutations

You have an increased reservoir of magic. (+10% MP)


   Skills:
 + Level 8.8 Fighting
 * Level 11.6 Long Blades
 + Level 5.1 Armour
 - Level 2.8 Dodging
 + Level 5.2 Shields
 + Level 3.0 Evocations


You had 10 spell levels left.
You didn't know any spells.

Skill      XL: |  1  2  3  4  5  6  7  8  9 10 11 |
---------------+----------------------------------+-----
Long Blades    | 2 3 4 5 6 7 9 10 11 | 11.6
Fighting       | 3 4 5 7 8 |  8.8
Armour         | 3 5 |  5.1
Dodging        | 2 |  2.8
Shields        | 4 5 |  5.2
Evocations     | 2 3 |  3.0

Action                   |  1- 3 |  4- 6 |  7- 9 | 10-12 || total
-------------------------+-------+-------+-------+-------++-------
Melee: Long sword        |   114 |   216 |   653 |   440 ||  1423
Throw: Tomahawk          |       |     3 |    12 |     3 ||    18
       Throwing net      |       |       |     1 |     1 ||     2
Evoke: Wand              |       |       |     5 |    15 ||    20
  Use: Scroll            |     4 |     3 |     4 |     9 ||    20
       Potion            |       |       |       |     3 ||     3
 Stab: Held in net/web   |       |       |       |     1 ||     1
  Eat: Chunk             |     1 |     4 |     9 |     6 ||    20
       Bread ration      |       |       |     1 |     1 ||     2
       Fruit             |       |       |     3 |       ||     3
Armor: Scale mail        |    58 |    11 |       |       ||    69
       Chain mail        |       |    92 |   248 |   160 ||   500
Dodge: Dodged            |    33 |    39 |    73 |    70 ||   215
       Deflected         |       |       |       |     1 ||     1
Block: Shield            |    62 |     5 |       |       ||    67
       Large shield      |       |   196 |   506 |   397 ||  1099
       Rpst.: Long sword |    10 |    14 |    20 |    14 ||    58

Inventory:

Hand Weapons
 a - a +0 long sword (weapon)
Missiles
 u - 9 tomahawks (quivered)
 O - 4 steel tomahawks
Armour
 b - a +0 shield
 g - a +0 chain mail (worn)
   (You found it on level 3 of the Dungeon)
 o - a +2 cloak of magic resistance
   (You took it off Maurice on level 8 of the Dungeon)
 p - a +1 large shield (worn)
   (You found it on level 3 of the Dungeon)
 s - a +0 helmet (worn)
   (You found it on level 9 of the Dungeon)
 D - a +0 pair of gloves (worn)
   (You found it on level 6 of the Dungeon)
 M - a scarf of repulsion (worn)
   (You found it on level 9 of the Dungeon)
Jewellery
 e - an amulet of regeneration (around neck) {+regen}
   (You found it on level 1 of the Dungeon)
 J - an uncursed amulet of the gourmand {Gourm}
   (You took it off an orc wizard on level 9 of the Dungeon)
Wands
 c - a wand of clouds (1)
   (You found it on level 7 of the Dungeon)
 d - a wand of digging (11)
   (You took it off Maurice on level 8 of the Dungeon)
 G - a wand of random effects (17)
   (You took it off a gnoll shaman on level 8 of the Dungeon)
 N - a wand of flame (9)
   (You found it on level 10 of the Dungeon)
Scrolls
 h - 6 scrolls of remove curse
 m - 5 scrolls of magic mapping {!r}
 r - a scroll of identify
 t - 2 scrolls of teleportation {!r}
 v - 5 scrolls of fear {!r}
 x - 3 scrolls of amnesia
 y - a scroll of enchant armour
 A - 3 scrolls of fog {!r}
Potions
 i - a potion of resistance
 l - 8 potions of curing
 q - a potion of heal wounds
 z - 3 potions of magic
 B - 3 potions of might
 C - a potion of brilliance
 F - a potion of haste
 H - a potion of mutation
 P - a potion of flight
Books
 I - a book of Minor Magic
   (You found it on level 8 of the Dungeon)

   Spells                             Type                      Level
   a - Magic Dart                     Conjuration                  1
   b - Blink                          Translocation                2
   c - Call Imp                       Summoning                    2
   d - Slow                           Hexes                        2
   e - Conjure Flame                  Conjuration/Fire             3
   f - Mephitic Cloud                 Conjuration/Poison/Air       3
 K - a book of Cantrips
   (You found it on level 8 of the Dungeon)

   Spells                             Type                      Level
   a - Confusing Touch                Hexes                        1
   b - Animate Skeleton               Necromancy                   1
   c - Summon Small Mammal            Summoning                    1
   d - Apportation                    Translocation                1
Comestibles
 f - 4 bread rations
 j - 8 meat rations
 k - 4 royal jellies
 n - 8 chunks of flesh

Dungeon Overview and Level Annotations

Branches:
Dungeon (10/15)            Temple (0/1) D:7
   Lair: D:8-11         Orc: D:9-12

Shops:
D:7 ?

Annotations:
D:10 exclusions: electric eel and 2 more exclusions, Snorg


You were on level 10 of the Dungeon.
You were not hungry.

You visited 1 branch of the dungeon, and saw 10 of its levels.

You collected 714 gold pieces.
You spent 132 gold pieces at shops.


Message History

You hit the black bear. The black bear bites you.
The black bear completely misses you. You block the black bear's attack.
You take 1 damage, and have 94/95 hp.
Your shield prevents you from hitting the black bear.
You block the black bear's attack. The black bear barely misses you.
You block the black bear's attack.
Health restored: 95 You hit the black bear.
You block the black bear's attack. The black bear barely misses you.
The black bear claws you but does no damage.
You slash the black bear!
The black bear bites you but does no damage.
You block the black bear's attack.
The black bear claws you but does no damage.
You hit the black bear. You block the black bear's attack.
The black bear barely misses you. The black bear completely misses you.
Your shield and chain mail prevent you from hitting the black bear.
You block the black bear's attack. x2; The black bear barely misses you.
You hit the black bear.
The black bear bites you but does no damage.
The black bear claws you but does no damage.
You block the black bear's attack.
You hit the black bear. You block the black bear's attack.
The black bear claws you but does no damage. x2
You hit the black bear but do no damage.
You block the black bear's attack. The black bear barely misses you.
The black bear claws you.
You take 2 damage, and have 93/95 hp.
Your shield prevents you from hitting the black bear.
The black bear goes berserk!
Some of the chunks of flesh in your inventory have rotted away.
You hit the black bear.
You kill the black bear!
Health restored: 95 No target in view!
You butcher the black bear corpse.
n - 11 chunks of flesh (gained 1) Some of the chunks of flesh in your inventory have rotted away.
Snorg the Insatiable comes into view.
Snorg shouts!
Snorg is nearby!
Snorg is nearby!
Snorg is nearby!
Snorg is nearby!
Okay, then.
Okay, then.
Aim: Snorg You throw a throwing net.
The throwing net hits Snorg.
Snorg is caught in the net!
Snorg struggles against the net. x2
Snorg struggles against the net.
You slash Snorg!
Snorg struggles against the net.
You slash Snorg! You hit Snorg.
Snorg struggles against the net.
You catch the helpless Snorg completely off-guard!
You slash Snorg!
Snorg struggles against the net.
The net rips apart, and Snorg comes free!
Snorg bites you! Snorg claws you! You block Snorg's attack.
You take 14 damage, and have 81/95 hp.
You slash Snorg!
Snorg goes berserk!
You closely miss Snorg. Snorg bites you but does no damage.
You block Snorg's attack. Snorg claws you but does no damage.
Your shield and chain mail prevent you from hitting Snorg.
Snorg barely misses you.
You riposte.
You hit Snorg. You block Snorg's attack. Snorg claws you!
You block Snorg's attack. x3
You take 7 damage, and have 75/95 hp.
You hit Snorg. You block Snorg's attack. Snorg claws you! Snorg claws you.
You take 14 damage, and have 61/95 hp.
You are too injured to fight recklessly!
Aim: Snorg (moderately wounded, berserk, fast, unusually strong)
You create a blast of freezing vapour!
Snorg is engulfed in freezing vapours.
Snorg bites you! Snorg claws you!
* * * LOW HITPOINT WARNING * * *
You block Snorg's attack.
You take 20 damage, and have 41/95 hp.
MASSIVE DAMAGE!!
You slash Snorg!
Snorg is engulfed in freezing vapours.
You block Snorg's attack. x2; Snorg claws you.
* * * LOW HITPOINT WARNING * * *
Snorg is engulfed in freezing vapours.
You block Snorg's attack. x2
Snorg claws you!
* * * LOW HITPOINT WARNING * * *
You take 15 damage, and have 26/95 hp.
Okay, then.
You feel agile all of a sudden.
Snorg is engulfed in freezing vapours.
You block Snorg's attack. x2
Snorg barely misses you.
You hit Snorg.
Snorg is engulfed in freezing vapours.
You block Snorg's attack. Snorg misses you. Snorg claws you!
* * * LOW HITPOINT WARNING * * *
Snorg is engulfed in freezing vapours.
You block Snorg's attack. Snorg claws you!
* * * LOW HITPOINT WARNING * * *
You block Snorg's attack.
You take 16 damage, and have 11/95 hp.
You feel much better.
Snorg is engulfed in freezing vapours.
Snorg bites you!!
* * * LOW HITPOINT WARNING * * *
You block Snorg's attack. x2
You regained 4 hp, and now have 15/95 hp.
You completely miss Snorg.
Snorg is engulfed in freezing vapours.
Snorg completely misses you. You block Snorg's attack. Snorg claws you!
You die...

### #########.#
..........# #########.#
#.#
########.#############
#..............@T§§§.#
##................§§§.#
.#..................§...
........................
........#.########......
..###.....# ......
..'.+.....+ ......
..###.....#+########....
..####.............#
.......


You could see Snorg (berserk).

Notes
Turn   | Place    | Note
-------+----------+-------------------------------------------
     0 | D:1      | theanonym the Demigod Fighter began the quest for the Orb.
     0 | D:1      | Reached XP level 1. HP: 18/18 MP: 3/3
    72 | D:1      | Reached skill level 2 in Long Blades
   203 | D:1      | Reached XP level 2. HP: 24/25 MP: 4/4
   298 | D:1      | Reached skill level 3 in Fighting
   485 | D:2      | Found an opulent altar of Gozag.
   610 | D:2      | Reached XP level 3. HP: 23/31 MP: 5/5
   716 | D:2      | Reached skill level 3 in Long Blades
   730 | D:2      | Noticed Terence
   737 | D:2      | Killed Terence
  1009 | D:3      | Reached XP level 4. HP: 29/38 MP: 6/6
  1153 | D:3      | Found an iron altar of Okawaru.
  1186 | D:3      | Reached skill level 4 in Long Blades
  1483 | D:3      | Found a burning altar of Makhleb.
  1581 | D:4      | Reached XP level 5. HP: 46/46 MP: 7/7
  1606 | D:4      | Reached skill level 4 in Fighting
  1670 | D:4      | Noticed a phantom
  1741 | D:4      | Noticed an ogre
  1896 | D:4      | Reached skill level 5 in Long Blades
  1896 | D:4      | Reached XP level 6. HP: 42/52 MP: 8/8
  1966 | D:4      | HP: 26/53 [ogre/giant club (22)]
  1967 | D:4      | HP: 8/53 [ogre/giant club (17)]
  2270 | D:4      | Found a bloodstained altar of Trog.
  2318 | D:4      | Reached skill level 6 in Long Blades
  2318 | D:4      | Reached XP level 7. HP: 47/60 MP: 9/9
  2477 | D:5      | Entered Level 5 of the Dungeon
  2512 | D:5      | Reached skill level 5 in Fighting
  2788 | D:5      | Found a stormy altar of Qazlal.
  2859 | D:5      | Reached skill level 7 in Long Blades
  3260 | D:5      | HP: 29/62 [ice beast (9)]
  3265 | D:5      | Reached XP level 8. HP: 36/70 MP: 10/10
  3462 | D:6      | HP: 30/70 [orc warrior/trident (18)]
  3651 | D:6      | HP: 26/70 [orc warrior/trident (17)]
  3766 | D:6      | Reached skill level 6 in Fighting
  3793 | D:6      | Reached skill level 8 in Long Blades
  3840 | D:6      | Found a deep blue altar of Sif Muna.
  3924 | D:6      | Found a snail-covered altar of Cheibriados.
  4323 | D:6      | Found a basalt altar of Yredelemnul.
  4607 | D:6      | HP: 34/71 [gnoll/flail (7)]
  4846 | D:7      | Reached skill level 9 in Long Blades
  5093 | D:7      | Found an ornate altar of the Wu Jian Council.
  5197 | D:7      | Reached skill level 7 in Fighting
  5223 | D:7      | Reached XP level 9. HP: 72/79 MP: 11/11
  5257 | D:7      | Found a staircase to the Ecumenical Temple.
  5286 | D:7      | Found Exzov's Magic Scroll Shoppe.
  5305 | D:7      | Bought a scroll of magic mapping for 42 gold pieces
  5305 | D:7      | Bought a scroll of identify for 24 gold pieces
  5305 | D:7      | Bought a scroll of fog for 24 gold pieces
  5305 | D:7      | Bought a scroll of fear for 42 gold pieces
  5651 | D:7      | HP: 25/79 [ogre/giant spiked club (21)]
  5652 | D:7      | Reached skill level 10 in Long Blades
  6200 | D:8      | Noticed a two-headed ogre
  6272 | D:8      | Noticed Pikel
  6277 | D:8      | Reached skill level 3 in Armour
  6277 | D:8      | Reached skill level 1 in Dodging
  6277 | D:8      | Reached skill level 3 in Shields
  6293 | D:8      | Noticed Maurice
  6304 | D:8      | Killed Pikel
  6388 | D:8      | Killed Maurice
  6402 | D:8      | Reached skill level 2 in Dodging
  6502 | D:7      | HP: 40/81 [poisoned by a killer bee]
  6507 | D:7      | HP: 39/81 [poisoned by a killer bee]
  6512 | D:7      | HP: 38/81 [poisoned by a killer bee]
  6517 | D:7      | HP: 39/81 [poisoned by a killer bee]
  6849 | D:8      | HP: 35/81 [two-headed ogre/giant club (10)]
  6855 | D:8      | Killed a two-headed ogre
  6855 | D:8      | Reached skill level 8 in Fighting
  6855 | D:8      | Reached skill level 4 in Shields
  6855 | D:8      | Reached XP level 10. HP: 23/88 MP: 13/13
  6859 | D:8      | Reached skill level 4 in Armour
  7335 | D:9      | HP: 41/88 [troll (8)]
  7490 | D:9      | HP: 43/88 [troll (10)]
  7492 | D:9      | Reached skill level 11 in Long Blades
  7492 | D:9      | Reached skill level 1 in Evocations
  8169 | D:9      | Reached skill level 2 in Evocations
  8196 | D:10     | Entered Level 10 of the Dungeon
  8216 | D:10     | HP: 41/90 [troll (10)]
  8222 | D:10     | HP: 29/90 [crimson imp (3)]
  8465 | D:10     | HP: 44/90 [something (4)]
  8470 | D:10     | HP: 19/90 [something (6)]
  8631 | D:10     | Reached skill level 5 in Shields
  8665 | D:10     | HP: 42/90 [troll (10)]
  8704 | D:10     | HP: 33/90 [ice beast (13)]
  8784 | D:10     | HP: 44/90 [orc wizard/magic dart (4)]
  8882 | D:10     | Reached skill level 5 in Armour
  9029 | D:10     | Reached XP level 11. HP: 94/95 MP: 16/16
  9228 | D:10     | Reached skill level 3 in Evocations
  9302 | D:10     | Noticed Snorg
  9315 | D:10     | HP: 41/95 [Snorg (11)]
  9318 | D:10     | HP: 11/95 [Snorg (10)]
  9320 | D:10     | Slain by Snorg

Vanquished Creatures
  A two-headed ogre (D:8)
  Pikel (D:8)
  Maurice (D:8)
  A centaur skeleton (D:10)
  A komodo dragon (D:10)
  5 trolls
  A hippogriff (D:8)
  4 humans (D:9)
  A wyvern (D:8)
  A hungry ghost (D:10)
  4 orc warriors
  4 sky beasts
  5 ice beasts
  A slave (D:8)
  2 black bears (D:10)
  3 phantoms
  7 ogres
  A necrophage (D:7)
  5 centaurs
  2 big kobolds
  A gnoll sergeant (D:7)
  2 bullfrogs
  A wyvern zombie (D:10)
  A water moccasin zombie (D:6)
  A wyvern skeleton (D:7)
  A scorpion (D:5)
  4 killer bees
  An electric eel (D:10)
  5 howler monkeys
  3 crimson imps
  3 centaur zombies
  A quasit (D:7)
  6 orc priests
  12 orc wizards
  2 bullfrog skeletons
  2 gnoll shamans
  5 hounds
  3 jellies
  2 iguanas
  Terence (D:2)
  6 worker ants
  A howler monkey skeleton (D:4)
  25 gnolls
  7 adders
  3 shadow imps
  2 oozes
  A worm (D:2)
  A dart slug (D:2)
  3 leopard geckos
  28 orcs
  4 giant cockroaches (D:2)
  6 goblins
  14 hobgoblins
  4 jackals
  4 quokkas
  A ball python (D:2)
  7 bats
  6 frilled lizards
  23 kobolds
  A quokka zombie (D:9)
  3 rats
258 creatures vanquished.

Vanquished Creatures (others)
  2 slaves
  An ogre (D:8)
  An orc priest (D:5)
  2 orcs (D:5)
  2 plants (D:10)
8 creatures vanquished.

Grand Total: 266 creatures vanquished
